 Dungeon Crawl Stone Soup version 0.19.0-16-g73b5abf (webtiles) character file.

18 KarmaPolice the Bolt Thrower (level 2, -14/23 HPs)
             Began as a Draconian Wanderer on Nov 10, 2016.
             Demolished by a goblin
             ... wielding a +0 dagger of electrocution
              (15 damage)
             ... on level 1 of the Dungeon.
             The game lasted 00:01:31 (1004 turns).

KarmaPolice the Bolt Thrower (Draconian Wanderer)   Turns: 1004, Time: 00:01:32

Health: -14/23     AC:  4    Str: 12    XL:     2   Next: 48%
Magic:  3/3        EV: 11    Int: 13    God:
Gold:   76         SH:  0    Dex: 11    Spells: 0 memorised, 1 level left

rFire  . . .     SeeInvis .       - Unarmed
rCold  . . .     Gourm    .     (armour unavailable)
rNeg   . . .     Faith    .     (no shield)
rPois  .         Spirit   .     (helmet restricted)
rElec  .         Reflect  .     (no cloak)
rCorr  .         Harm     .     (no gloves)
MR     .....                    (no boots)
Stlth  +.........               (no amulet)
                                (no ring)
                                (no ring)

@: no status effects
A: unfitting armour, cold-blooded, AC +4
a: no special abilities


You were on level 1 of the Dungeon.
You were not hungry.

You visited 1 branch of the dungeon, and saw 1 of its levels.

You collected 76 gold pieces.

Inventory:

Hand Weapons
 c - a +0 hand crossbow
Missiles
 d - 27 bolts
Wands
 a - a wand of flame (15/48)
Scrolls
 g - a scroll of fog {unknown}
 i - a scroll of teleportation {unknown}
 k - a scroll of enchant armour {unknown}
 l - a scroll of identify {unknown}
 m - a scroll of random uselessness {unknown}
Potions
 e - a potion of degeneration {unknown}
 h - 2 potions of curing {unknown}
Books
 b - the Volume of Darkness

   Spells                             Type                      Level
   a - Corpse Rot                     Necromancy                   2
   b - Sublimation of Blood           Necromancy                   2
Comestibles
 f - a bread ration
 j - a meat ration
 n - 5 chunks of flesh


   Skills:
 + Level 1.4 Fighting
 + Level 3.8 Crossbows
 - Level 1.0 Stealth
 + Level 1.1 Unarmed Combat
   Level 2.0 Fire Magic
   Level 1.0 Earth Magic
 + Level 1.4 Evocations


You had one spell level left.
You didn't know any spells.

Dungeon Overview and Level Annotations

Branches:
Dungeon (1/15)

Altars:


Innate Abilities, Weirdness & Mutations

Your plain brown scales are hard. (AC +4)
You cannot fit into any form of body armour.
You are cold-blooded and may be slowed by cold attacks.


Message History

You start resting.
Magic restored.
You start resting.
A goblin comes into view.
It is wielding a dagger of electrocution.
The goblin shouts!
You are already empty-handed.
You barely miss the goblin. The goblin completely misses you.
You closely miss the goblin. The goblin completely misses you.
You closely miss the goblin.
The goblin hits you with a dagger of electrocution.
You are electrocuted!
Ouch! That really hurt!
* * * LOW HITPOINT WARNING * * *
You barely miss the goblin. The goblin misses you.
You hit the goblin.
Your tail-slap misses the goblin.
The goblin is moderately wounded.
The goblin hits you with a dagger of electrocution.
* * * LOW HITPOINT WARNING * * *
You are electrocuted!
Ouch! That really hurt!
You die...

.................................
.........######################..
.........# ##### #.. .........#
#...#######.. .........#
#............ .........# #+#
#............
#........#####.######............
###.#..#÷).......................
###.#.##...⌠....@g...............
....#.###....###.###.............
......# ###..###'###.>...........
###.### #..##...##.............
###># #..##...##.............
....# #..##.<.##........#####
###.##### #..##...##.........#
........###..##...##.........#
###......##..#######.........#


You could see a goblin.

Vanquished Creatures
  A leopard gecko (D:1)
  A giant cockroach (D:1)
  2 hobgoblins (D:1)
  A kobold (D:1)
  2 bats (D:1)
  8 frilled lizards (D:1)
  3 goblins (D:1)
18 creatures vanquished.

Notes
Turn   | Place    | Note
-------+----------+-------------------------------------------
     0 | D:1      | KarmaPolice the Draconian Wanderer began the quest for the Orb.
     0 | D:1      | KarmaPolice set off with: a wand of flame (15/48), the Volume of Darkness, a +0 hand crossbow, 27 bolts, a bread ration
     0 | D:1      | Reached XP level 1. HP: 16/16 MP: 1/1
   190 | D:1      | Reached skill level 1 in Unarmed Combat
   207 | D:1      | Reached XP level 2. HP: 11/23 MP: 2/2
  1004 | D:1      | HP: 1/23 [goblin/dagger of electrocution (1)]
  1004 | D:1      | Demolished by a goblin

Skill      XL: |  1 |
---------------+----+-----
Unarmed Combat | 1 |  1.1
Fighting       | |  1.4
Crossbows      | |  3.8
Stealth        | |  1.0
Fire Magic     | |  2.0
Earth Magic    | |  1.0
Evocations     | |  1.4

Action                   || total
-------------------------++-------
Melee: Unarmed           ||    78
       Tailslap          ||     8
Armor: Skin              ||    26
Dodge: Dodged            ||    44
